 Dungeon Crawl Stone Soup version 0.24-a0-458-gfcb5e6da0e (webtiles) character file.

Game seed: 13999133587959142712

187 KristoblXynda the Ducker (level 5, 0/28 HPs)
             Began as a Spriggan Fighter on June 26, 2019.
             Was an Initiate of Ashenzari.
             Slain by an orc
             ... wielding a +0 mace
              (4 damage)
             ... on level 2 of the Dungeon.
             The game lasted 00:05:43 (2951 turns).

KristoblXynda the Ducker (Spriggan Fighter)         Turns: 2951, Time: 00:05:43

Health: 0/28       AC:  2    Str: 12    XL:     5   Next: 39%
Magic:  0/6        EV: 20    Int: 11    God:    Ashenzari [......]
Gold:   170        SH:  6    Dex: 15    Spells: 4/4 levels left

rFire    . . .     SeeInvis +   e - +0 dagger
rCold    . . .     Gourm    .   c - +0 buckler
rNeg     . . .     Faith    .   b - +0 robe
rPois    .         Spirit   +   (helmet restricted)
rElec    .         Reflect  .   (no cloak)
rCorr    .         Harm     .   (gloves unavailable)
MR       .....                  (boots unavailable)
Stlth    ++........             i - amulet of guardian spirit
HPRegen  0.09/turn              (no ring)
MPRegen  0.10/turn              (no ring)

@: very quick
A: very small, unfitting armour, see invisible, herbivore, speed 3, slow
metabolism 2
a: Curse Item, Renounce Religion


You were on level 2 of the Dungeon.
You worshipped Ashenzari.
Ashenzari was noncommittal.
You were hungry.

You visited 1 branch of the dungeon, and saw 3 of its levels.

You collected 170 gold pieces.

Inventory:

Hand Weapons
 a - a +1 rapier
 e - a +0 dagger (weapon)
Armour
 b - a +0 robe (worn)
 c - a +0 buckler (worn)
Jewellery
 i - an amulet of guardian spirit (around neck)
Scrolls
 g - a scroll of fear
 k - a scroll of enchant weapon
Potions
 d - a potion of mutation {unknown}
 h - 2 potions of cancellation
Comestibles
 f - 3 rations


   Skills:
 + Level 3.1 Fighting
 + Level 3.4 Short Blades
 + Level 5.5 Dodging
 + Level 3.5 Stealth
 + Level 2.8 Shields


You had 4 spell levels left.
You didn't know any spells.
Your spell library was empty.

Dungeon Overview and Level Annotations

Branches:
Dungeon (3/15)

Altars:
Ashenzari

Annotations:
D:2 Robin, Sigmund


Innate Abilities, Weirdness & Mutations

You are very small and have problems with some larger weapons.
You are too small for most types of armour.
You have supernaturally acute eyesight. (SInv)
You are a herbivore.
You cover ground extremely quickly.
You need to consume almost no food.


Message History

You climb upwards.
Level annotation: Robin, Sigmund
There is a stone staircase leading down here.
You hit the orc but do no damage. You hit the orc but do no damage.
The orc closely misses you.
You hit the orc.
The orc is lightly wounded.
You block the orc's attack.
You hit the orc.
The orc is severely wounded.
You block the orc's attack.
You hit the orc but do no damage.
The orc is severely wounded.
You closely miss the orc.
The orc is severely wounded.
The orc misses you.
You hit the orc.
The orc is almost dead.
The orc hits you with a +0 mace!
You die...

####### #.....# #.....# #.....#
#######
##########.....############......
...................w...††...#####
.#########.....##################
.........'[....'@o...............
.#########.....#################.
.# ####'## #. .# #[# #. .# #.# #.
.############.# #.
)#..........#.# #.
.'..........#.# #.
.#..........#.# ##


You could see an orc.

Vanquished Creatures
  Natasha (thrice) (D:2)
  4 adders
  2 oozes (D:2)
  2 worms (D:2)
  2 dart slugs (D:1)
  A leopard gecko (D:2)
  8 bats
  3 giant cockroaches
  11 goblins
  8 hobgoblins
  3 kobolds
  8 frilled lizards
  7 rats
62 creatures vanquished.

Notes
Turn   | Place    | Note
-------+----------+-------------------------------------------
     0 | D:1      | KristoblXynda the Spriggan Fighter began the quest for the
                  | Orb.
     0 | D:1      | Reached XP level 1. HP: 11/11 MP: 2/2
    75 | D:1      | Reached skill level 1 in Stealth
    97 | D:1      | Reached XP level 2. HP: 16/16 MP: 3/3
   590 | D:1      | Reached XP level 3. HP: 18/19 MP: 4/4
   935 | D:2      | Found a shattered altar of Ashenzari.
   961 | D:2      | Became a worshipper of Ashenzari the Shackled
  1079 | D:2      | Noticed Natasha
  1424 | D:2      | Killed Natasha
  1424 | D:2      | Reached skill level 5 in Dodging
  1424 | D:2      | Reached XP level 4. HP: 5/23 MP: 2/5
  1446 | D:2      | Noticed Natasha
  1454 | D:2      | Killed Natasha
  1527 | D:2      | Noticed Sigmund
  1898 | D:2      | Reached XP level 5. HP: 21/28 MP: 4/6
  2063 | D:2      | Noticed Natasha
  2092 | D:2      | Killed Natasha
  2670 | D:2      | Noticed Robin
  2951 | D:2      | Slain by an orc

Levels and vault maps discovered:
D:1:      tarquinn_simple_flora_water_b, layout_loops_cross
D:2:      layout_basic, lemuel_coloured_pillars_altar, uniq_sigmund,
          uniq_natasha, uniq_robin
D:3:      layout_loops_cross, kennysheep_potato

Skill      XL: |  1  2  3  4 |
---------------+-------------+-----
Stealth        | 1 2 3 |  3.5
Short Blades   | 3 |  3.4
Dodging        | 5 |  5.5
Fighting       | 3 |  3.1
Shields        | |  2.8

Action                   |  1- 3 |  4- 6 || total
-------------------------+-------+-------++-------
Melee: Rapier            |    27 |       ||    27
       Dagger            |   148 |   233 ||   381
  Use: Scroll            |     3 |     2 ||     5
       Potion            |     2 |     1 ||     3
 Stab: Sleeping          |     1 |       ||     1
Armor: Robe              |    10 |    18 ||    28
Dodge: Dodged            |   103 |   190 ||   293
Block: Buckler           |    47 |    56 ||   103

Table legend:
 A = Non-vault XP
 B = Vault XP
 C = Vault XP percentage of total XP
 D = Non-vault monster count
 E = Vault monster count
 F = Vault count percentage of total count
                 A         B        C        D         E       F
            +---------+---------+-------+---------+---------+-------
      Total |     224 |      44 |  16.4 |      56 |       6 |   9.7
            +---------+---------+-------+---------+---------+-------
        D:1 |      41 |       0 |   0.0 |      23 |       0 |   0.0
        D:2 |     164 |      44 |  21.2 |      29 |       6 |  17.1
        D:3 |      19 |       0 |   0.0 |       4 |       0 |   0.0
            +---------+---------+-------+---------+---------+-------
